 Dungeon Crawl Stone Soup version 0.18.1-48-g4cf74bf (webtiles) character file.

705 tyranidshit the Fighter (level 7, -7/73 HPs)
             Began as a Minotaur Berserker on July 15, 2016.
             Was a Priest of Trog.
             Mangled by Menkaure (16 damage)
             ... on level 5 of the Dungeon.
             The game lasted 00:12:01 (2348 turns).

tyranidshit the Fighter (Minotaur Berserker)        Turns: 2348, Time: 00:12:02

Health: -7/73      AC:  6    Str: 22    XL:     7   Next: 39%
Magic:  6/6        EV: 10    Int:  4    God:    Trog [***...]
Gold:   170        SH:  0    Dex: 11    Spells: 0 memorised, 6 levels left

rFire  . . .     SeeInvis .     r - +0 war axe
rCold  + . .     Gourm    .     q - +0 scale mail
rNeg   . . .     Faith    .     (no shield)
rPois  +         Spirit   .     (helmet restricted)
rElec  .         Dismiss  .     (no cloak)
rCorr  .         Reflect  .     (no gloves)
SustAt .         Harm     .     (no boots)
MR     .....                    (no amulet)
Stlth  ..........               o - ring of protection from cold
                                l - ring of poison resistance

@: confused, not resistant to hostile enchantments, extremely unstealthy
A: retaliatory headbutt, horns 2
a: Berserk, Trog's Hand, Burn Spellbooks, Renounce Religion


You were on level 5 of the Dungeon.
You worshipped Trog.
Trog was most pleased with you.
You were not hungry.

You visited 1 branch of the dungeon, and saw 5 of its levels.

You collected 170 gold pieces.

Inventory:

Hand Weapons
 a - a +1 hand axe
 e - a +0 halberd
 r - a +0 war axe (weapon)
Armour
 q - a +0 scale mail (worn)
Jewellery
 l - a ring of poison resistance (left hand)
 o - a ring of protection from cold (right hand)
Wands
 t - a wand of digging (12/24)
Scrolls
 k - 4 scrolls of identify
Potions
 b - a potion of heal wounds {unknown}
 d - a potion of brilliance
 g - a potion of magic {unknown}
 h - a potion of berserk rage {unknown}
 i - a potion of ambrosia {unknown}
 j - a potion of haste {unknown}
 m - 3 potions of agility {unknown}
 n - a potion of cure mutation {unknown}
 s - a potion of might {unknown}
Comestibles
 c - 2 bread rations
 f - 2 meat rations
 p - 4 fruits


   Skills:
 - Level 10.3 Fighting
 + Level 3.6 Axes
 + Level 2.4 Armour
 + Level 2.1 Dodging


You had 6 spell levels left.
You didn't know any spells.

Dungeon Overview and Level Annotations

Branches:
Dungeon (5/15)             Temple (0/1) D:4

Altars:
Ashenzari
Elyvilon

Annotations:
D:5 Menkaure, Sigmund


Innate Abilities, Weirdness & Mutations

You reflexively headbutt those who attack you in melee.
You have a pair of horns on your head.


Message History

Menkaure mumbles some strange words.
Menkaure seems to speed up.
You hear some strange, mumbled words.
You are confused.
Menkaure's bandages flutter.
Something hits you!
Menkaure wails, "Why can't you leave me to my rest?"
Menkaure calls on the powers of darkness!
Your body is wracked with pain!
* * * LOW HITPOINT WARNING * * *
You bump into the rock wall.
You're too confused to move!
Something hits you!
* * * LOW HITPOINT WARNING * * *
You're too confused!
Unknown command.
You're too confused!
You closely miss Menkaure. You headbutt Menkaure.
Menkaure is lightly damaged.
Menkaure hits you!
You die...

...#.........#
#####.#....>....#
................#
#######.#..##.#####
#<# #.#..##.# #.#
#.#..##.# #.#
#.#..##.#
#.#####M#..# .#
#.....@.{..#
#######.##.# #.##.#
#.##.# #.##..
#.#### #.# #.. ###


You could see Menkaure.

Vanquished Creatures
  Prince Ribbit (D:5)
  An ogre (D:4)
  A scorpion (D:4)
  A crimson imp (D:5)
  A centaur skeleton (D:4)
  An orc priest (D:4)
  2 orc wizards
  Jessica (D:2)
  Terence (D:2)
  A worker ant (D:4)
  5 gnolls
  4 adders
  2 worms
  A dart slug (D:1)
  2 giant geckos
  10 orcs
  2 ball pythons
  8 bats
  A giant cockroach (D:1)
  6 goblins
  6 hobgoblins
  A jackal (D:5)
  3 quokkas
  A giant newt (D:1)
  10 kobolds
  7 rats
  A butterfly (D:4)
81 creatures vanquished.

Notes
Turn   | Place    | Note
--------------------------------------------------------------
     0 | D:1      | tyranidshit the Minotaur Berserker began the quest for the Orb.
     0 | D:1      | Reached XP level 1. HP: 19/19 MP: 0/0
    54 | D:1      | Reached skill level 4 in Fighting
    54 | D:1      | Reached XP level 2. HP: 7/28 MP: 1/1
   346 | D:1      | Reached skill level 5 in Fighting
   648 | D:2      | Noticed Jessica
   657 | D:2      | Reached XP level 3. HP: 16/36 MP: 2/2
   674 | D:2      | Killed Jessica
   720 | D:2      | Found a white marble altar of Elyvilon.
   796 | D:2      | Noticed Terence
   810 | D:2      | Killed Terence
   810 | D:2      | Reached skill level 6 in Fighting
   810 | D:2      | Reached XP level 4. HP: 21/44 MP: 3/3
   824 | D:2      | Reached ** piety under Trog
  1369 | D:3      | Reached XP level 5. HP: 50/51 MP: 4/4
  1372 | D:3      | Reached skill level 7 in Fighting
  1812 | D:4      | Reached skill level 8 in Fighting
  1818 | D:4      | Noticed an ogre
  1834 | D:4      | Killed an ogre
  1834 | D:4      | Reached XP level 6. HP: 51/62 MP: 5/5
  1861 | D:4      | Found a staircase to the Ecumenical Temple.
  2031 | D:4      | Found a shattered altar of Ashenzari.
  2039 | D:4      | Reached skill level 9 in Fighting
  2216 | D:4      | Reached *** piety under Trog
  2262 | D:5      | Entered Level 5 of the Dungeon
  2281 | D:5      | Noticed Prince Ribbit
  2297 | D:5      | Killed Prince Ribbit
  2297 | D:5      | Reached skill level 10 in Fighting
  2297 | D:5      | Reached XP level 7. HP: 38/72 MP: 6/6
  2322 | D:5      | Noticed Sigmund
  2333 | D:5      | Noticed Menkaure
  2348 | D:5      | Mangled by Menkaure

Skill      XL: |  1  2  3  4  5  6 |
---------------+-------------------+-----
Fighting       | 4 5 6 8 10 | 10.3
Axes           | |  3.6
Armour         | |  2.4
Dodging        | |  2.1

Action                   |  1- 3 |  4- 6 |  7- 9 || total
-------------------------+-------+-------+-------++-------
Melee: Hand axe          |    51 |    87 |       ||   138
       Headbutt          |     4 |    18 |     2 ||    24
       War axe           |       |    23 |     4 ||    27
Invok: Berserk           |     1 |     2 |       ||     3
       Trog's Hand       |       |     2 |       ||     2
  Use: Scroll            |     5 |     2 |       ||     7
  Eat: Bread ration      |       |     2 |       ||     2
       Beef jerky        |       |     1 |       ||     1
Armor: Animal skin       |    13 |     4 |       ||    17
       Scale mail        |       |    32 |     1 ||    33
Dodge: Dodged            |    44 |    68 |     2 ||   114
